 Dungeon Crawl Stone Soup version 0.28-a0-872-g80cf8599ee (webtiles) character file.

Game seed: 7810505272297752442

161 lorenzova the Conjurer (level 5, -1/28 HPs)
             Began as a Deep Elf Conjurer on Nov 20, 2021.
             Slain by a gnoll (8 damage)
             ... on level 3 of the Dungeon.
             The game lasted 00:02:52 (2373 turns).

lorenzova the Conjurer (Deep Elf Conjurer)          Turns: 2373, Time: 00:02:52

Health: -1/28      AC:  2    Str: 10    XL:     5   Next: 18%
Magic:  12/15      EV: 12    Int: 24    God:
Gold:   129        SH:  0    Dex: 13    Spells: 12/15 levels left

rFire   . . .      SeeInvis .   h - +0 dagger (venom)
rCold   . . .      Faith    .   (no shield)
rNeg    . . .      Spirit   .   a - +0 robe
rPois   .          Reflect  .   (no helmet)
rElec   .          Harm     .   (no cloak)
rCorr   .          Rampage  .   (no gloves)
Will    .....                   (no boots)
Stlth   ++........              (no amulet)
HPRegen 0.09/turn               j - +6 ring of strength
MPRegen 0.14/turn               (no ring)

@: no status effects
A: no striking features
a: no special abilities


You were on level 3 of the Dungeon.
You visited 1 branch of the dungeon, and saw 3 of its levels.

You collected 129 gold pieces.

Inventory:

Hand Weapons
 h - a +0 dagger of venom (weapon)
Armour
 a - a +0 robe (worn)
Jewellery
 f - a ring of ice
 j - a +6 ring of strength (left hand)
Scrolls
 b - 2 scrolls of fog {unknown}
 d - a scroll of magic mapping {unknown}
 g - 2 scrolls of blinking
Potions
 c - 2 potions of attraction {unknown}
 e - a potion of heal wounds {unknown}
 i - 2 potions of curing {unknown}


   Skills:
 - Level 2.4 Dodging
 - Level 2.4 Stealth
 + Level 5.5 Spellcasting
 + Level 5.9 Conjurations


You had 12 spell levels left.
You knew the following spells:

 Your Spells              Type           Power      Damage    Failure   Level
a - Magic Dart            Conj           100%       1d8       1%          1
b - Searing Ray           Conj           70%        2d7       1%          2

Your spell library contained the following spells:

 Spells                   Type           Power      Damage    Failure   Level
 Dazzling Flash           Conj/Hex       42%        N/A       8%          3
 Slow                     Hex            24%        N/A       9%          1
 Mephitic Cloud           Conj/Pois/Air  16%        N/A       11%         3
 Call Imp                 Summ           6%         N/A       13%         2
 Fulminant Prism          Conj/Hex       10%        3d9       24%         4
 Iskenderun's Mystic Bla  Conj/Tloc      21%        2d6       24%         4
 Confusing Touch          Hex            6%         N/A       26%         3
 Vampiric Draining        Necr           6%         2d6       26%         3


Dungeon Overview and Level Annotations

Branches:
Dungeon (3/15)

Altars:


Message History

Things that are here:
a +0 dagger; a +0 ring mail
Things that are here:
a +0 short sword; a +0 leather armour You see here a +0 club. 2 gnolls come into view.
A gnoll is wielding a +0 halberd of protection.
A gnoll is wielding a +1 halberd of protection.
The gnoll shouts! x2; You hear a shout!
There are monsters nearby!
There are monsters nearby!
There are monsters nearby!
Casting: Magic Dart (safe; 1% risk of failure)
Confirm with . or Enter, or press ? or * to list all spells.
Aiming: Searing Ray (safe; 1% risk of failure)
Press: ? - help, Shift-Dir - straight line, f - gnoll
Aim: a gnoll, wielding a +1 halberd of protection (83% to hit)
The searing ray hits the gnoll but does no damage.
The searing ray hits the gnoll.
The gnoll is moderately wounded. (Press . to maintain the ray.)
The gnoll barely misses you.
A gnoll comes into view. It is wielding a +0 spear.
The searing ray hits the gnoll.
The gnoll is moderately wounded.
The searing ray hits the gnoll but does no damage.
The gnoll is moderately wounded.
The searing ray hits the gnoll.
The gnoll is moderately wounded.
The gnoll hits you from afar with a +0 halberd of protection!
Ouch! That really hurt!
The searing ray misses the gnoll.
The searing ray hits the gnoll but does no damage.
The gnoll is moderately wounded.
The gnoll hits you from afar with a +0 halberd of protection!
* * * LOW HITPOINT WARNING * * *
You see here a +0 club.
Things that are here:
a +0 short sword; a +0 leather armour The gnoll hits you from afar with a +0 halberd of protection!
You die...

#.......##.......#
#.......##.#####.# ###
#.......#...### ###..
#........#g...# ##....
#...........#.#
##.....
##########g##.##.#
#....≈≈ #g......#
##...≈≈≈ #
#.##.######...≈≈≈≈
#.###@##.###.##...≈≈≈≈
#.....##.##.#....≈≈≈≈≈
####.....#.###.#.#####
#....####.## ##.......
#.### ##.###.#.#####
## ##.#.#
##.#..#.≈≈≈≈≈ .# #....
#######.#....≈≈≈≈ .#
#...#
#.......####.≈≈≈≈ .#
#...# #.#####.# #..≈≈≈


You could see 3 gnolls.

Vanquished Creatures
  An orc priest (D:3)
  Jessica (D:2)
  An orc wizard (D:3)
  2 adders (D:2)
  2 worms
  2 dart slugs
  6 orcs (D:3)
  3 bats
  5 endoplasms
  3 giant cockroaches (D:1)
  6 goblins
  2 hobgoblins
  2 kobolds (D:1)
  3 quokkas
  2 ball pythons
  3 frilled lizards
  A rat (D:1)
45 creatures vanquished.

Vanquished Creatures (others)
  3 plants (D:3)
3 creatures vanquished.

Grand Total: 48 creatures vanquished

Notes
Turn   | Place    | Note
-------+----------+-------------------------------------------
     0 | D:1      | lorenzova the Deep Elf Conjurer began the quest for the
                  | Orb.
     0 | D:1      | Reached XP level 1. HP: 10/10 MP: 6/6
   250 | D:1      | Reached XP level 2. HP: 15/15 MP: 5/8
   253 | D:1      | Learned a level 2 spell: Searing Ray
   986 | D:2      | Noticed Jessica
   991 | D:2      | Killed Jessica
   992 | D:2      | Reached skill level 5 in Conjurations
   992 | D:2      | Reached XP level 3. HP: 19/19 MP: 3/10
  1145 | D:2      | Reached XP level 4. HP: 24/24 MP: 10/12
  2043 | D:3      | Reached skill level 5 in Spellcasting
  2120 | D:3      | Found a faded altar of an unknown god.
  2153 | D:3      | Reached XP level 5. HP: 28/28 MP: 9/15
  2373 | D:3      | Slain by a gnoll

Illustrated notes

Levels and vault maps discovered:
D:1:      giann_horns, layout_loops_ring
D:2:      layout_basic, st_stairs_7, uniq_jessica
D:3:      minmay_evil_eye, layout_loops_cross,
          shapermc_ecumenical_altar_mp_ritualfount, grunt_ministairs_9,
          grunt_decor_junction, uniq_terence

Skill      XL: |  1  2  3  4 |
---------------+-------------+-----
Spellcasting   | 4 5 |  5.5
Conjurations   | 5 |  5.9
Dodging        | |  2.4
Stealth        | |  2.4

Action                   |  1- 3 |  4- 6 || total
-------------------------+-------+-------++-------
 Cast: Magic Dart        |    40 |    42 ||    82
       Searing Ray       |     2 |     5 ||     7
  Use: Scroll            |       |     1 ||     1
Dodge: Dodged            |     2 |     3 ||     5

Table legend: (Time is in decaauts)
 A = Elapsed time spent in this place.
 B = Non-inter-level travel time spent in this place.
 C = Inter-level travel time spent in this place.
 D = Time resting spent in this place.
 E = Time spent auto-exploring this place.
 F = Levels seen in this place.
 G = Mean time per level.
                   A        B        C        D        E       F      G
               +--------+--------+--------+--------+--------+-----+--------+
         Total |   2372 |   2321 |     51 |    940 |   1184 |   3 |  790.7 |
       Dungeon |   2372 |   2321 |     51 |    940 |   1184 |   3 |  790.7 |
               +--------+--------+--------+--------+--------+-----+--------+

Top non-repeatable levels by time:
     D:1: 923 daAuts
     D:2: 737 daAuts
     D:3: 711 daAuts
